 Dungeon Crawl Stone Soup version 0.28-a0-1117-g0bdd5ba030 (webtiles) character file.

Game seed: 16425435642915936321

7 SensoryNuts the Skirmisher (level 1, 0/19 HPs)
             Began as a Draconian Monk on Dec 11, 2021.
             Slain by a kobold (4 damage)
             ... on level 1 of the Dungeon.
             The game lasted 00:00:11 (178 turns).

SensoryNuts the Skirmisher (Draconian Monk)          Turns: 178, Time: 00:00:11

Health: 0/19       AC:  4    Str: 13    XL:     1   Next: 83%
Magic:  1/1        EV: 12    Int: 10    God:
Gold:   23         SH:  0    Dex: 13    Spells: 0/0 levels left

rFire   . . .      SeeInvis .   a - +0 short sword
rCold   . . .      Faith    .   (no shield)
rNeg    . . .      Spirit   .   (armour unavailable)
rPois   .          Reflect  .   (helmet restricted)
rElec   .          Harm     .   (no cloak)
rCorr   .          Rampage  .   (no gloves)
Will    .....                   (no boots)
Stlth   ++........              (no amulet)
HPRegen 0.06/turn               (no ring)
MPRegen 0.07/turn               (no ring)

@: no status effects
A: AC +4, unfitting armour, cold-blooded
a: no special abilities


You were on level 1 of the Dungeon.
You visited 1 branch of the dungeon, and saw 1 of its levels.

You collected 23 gold pieces.

Inventory:

Hand Weapons
 a - a +0 short sword (weapon)


   Skills:
 + Level 3.4 Fighting
 + Level 3.1 Short Blades
 + Level 2.8 Dodging
 + Level 1.8 Stealth


You couldn't memorise any spells.
You didn't know any spells.
Your spell library was empty.

Dungeon Overview and Level Annotations

Branches:
Dungeon (1/15)

Altars:


Innate Abilities, Weirdness & Mutations

Your plain brown scales are hard. (AC +4)
You cannot fit into any form of body armour.
You are cold-blooded and may be slowed by cold attacks.


Message History

The endoplasm freezes you.
You are frozen.
You hit the endoplasm but do no damage. You tail-slap the endoplasm.
The endoplasm is moderately wounded.
The bat completely misses you.
The kobold throws a stone.
The stone misses you. The endoplasm freezes you.
You are frozen.
You hit the endoplasm.
The endoplasm is almost dead.
The bat closely misses you.
The kobold throws a stone.
The stone closely misses you. The endoplasm freezes you.
You are frozen.
You feel yourself slow down.
You hit the endoplasm.
You kill the endoplasm!
The bat misses you.
The kobold throws a stone.
The stone misses you.
You barely miss the bat.
You feel yourself speed up. The bat hits you but does no damage.
The bat misses you. The bat hits you.
* * * LOW HITPOINT WARNING * * *
The kobold throws a stone.
The stone closely misses you.
A quokka comes into view.
The bat closely misses you. The kobold misses you.
The kobold closely misses you. x2
You hit the kobold but do no damage. The bat closely misses you.
The hobgoblin closely misses you. The kobold hits you but does no damage.
The kobold closely misses you.
You hit the kobold.
The kobold is heavily wounded.
The bat hits you but does no damage. The kobold closely misses you.
The hobgoblin closely misses you. The kobold misses you.
You barely miss the kobold.
The kobold is heavily wounded.
The bat misses you. The kobold completely misses you.
The hobgoblin hits you but does no damage.
The kobold hits you with a +1 short sword of speed.
* * * LOW HITPOINT WARNING * * *
The kobold hits you with a +0 whip.
You die...

#. .# #.######.#
........####
#.........#
#.........#
#.........# .
#.#..rgb....#
#....K@..######
......K#.##....#######
...###...............#
# ###.##....#####.###
.................#
######............#
#.........)..#
#....#####†### #....#
###.###


You could see a quokka, a hobgoblin, a bat and 2 kobolds.

Vanquished Creatures
  An endoplasm (D:1)
  A hobgoblin (D:1)
  2 kobolds (D:1)
  A quokka (D:1)
  A ball python (D:1)
6 creatures vanquished.

Notes
Turn   | Place    | Note
-------+----------+-------------------------------------------
     0 | D:1      | SensoryNuts the Draconian Monk began the quest for the Orb.
     0 | D:1      | Reached XP level 1. HP: 19/19 MP: 1/1
   178 | D:1      | Slain by a kobold

Illustrated notes

Levels and vault maps discovered:
D:1:      saegor_arrival_simple_d, layout_basic, basic_ecumenical_altar,
          minmay_hexomino_f4

Action                   || total
-------------------------++-------
Melee: Short sword       ||    24
       Tailslap          ||     4
Armor: Skin              ||     8
Dodge: Dodged            ||    29

Table legend: (Time is in decaauts)
 A = Elapsed time spent in this place.
 B = Non-inter-level travel time spent in this place.
 C = Inter-level travel time spent in this place.
 D = Time resting spent in this place.
 E = Time spent auto-exploring this place.
 F = Levels seen in this place.
 G = Mean time per level.
                   A        B        C        D        E       F      G
               +--------+--------+--------+--------+--------+-----+--------+
         Total |    178 |    178 |      0 |      0 |    138 |   1 |  178.0 |
       Dungeon |    178 |    178 |      0 |      0 |    138 |   1 |  178.0 |
               +--------+--------+--------+--------+--------+-----+--------+

Top non-repeatable levels by time:
     D:1: 178 daAuts
